 Dungeon Crawl Stone Soup version 0.26.1-11-gd32895ea62 (webtiles) character file.

Game seed: 8224706438481198383

69 Zeld the Cudgeller (level 4, -6/31 HPs)
             Began as an Octopode Monk on May 16, 2021.
             Was a Believer of Makhleb.
             Mangled by an iguana (10 damage)
             ... on level 2 of the Dungeon.
             The game lasted 00:01:55 (1737 turns).

Zeld the Cudgeller (Octopode Monk)                  Turns: 1737, Time: 00:01:55

Health: -6/31      AC:  1    Str: 11    XL:     4   Next: 20%
Magic:  6/6        EV: 14    Int: 12    God:    Makhleb [**....]
Gold:   72         SH:  0    Dex: 14    Spells: 6/6 levels left

rFire    . . .     SeeInvis .   a - +0 mace
rCold    . . .     Faith    .   (no shield)
rNeg     . . .     Spirit   .   (helmet restricted)
rPois    .         Reflect  .   (no amulet)
rElec    .         Harm     .   (no ring)
rCorr    .         Rampage  .   (no ring)
Will     .....                  (no ring)
Stlth    +++.......             (no ring)
HPRegen  0.10/turn              (no ring)
MPRegen  0.10/turn              (no ring)
                                (no ring)
                                (no ring)

@: no status effects
A: almost no armour, stealthy swim, amphibious, 8 rings, constrict 8, camouflage
1, gelatinous body 1
a: Renounce Religion, Minor Destruction


You were on level 2 of the Dungeon.
You worshipped Makhleb.
Makhleb was pleased with you.
You visited 1 branch of the dungeon, and saw 2 of its levels.

You collected 72 gold pieces.

Inventory:

Hand Weapons
 a - a +0 mace (weapon)
Missiles
 f - 2 boomerangs (quivered)
Wands
 h - a wand of polymorph (6)
Scrolls
 d - a scroll of identify {unknown}
 e - 3 scrolls of remove curse {unknown}
 k - a scroll of enchant armour {unknown}
Potions
 b - a potion of magic {unknown}
 c - a potion of might {unknown}
 g - a potion of ambrosia {unknown}
 i - a potion of lignification {unknown}
 j - a potion of invisibility {unknown}
 l - a potion of resistance {unknown}
 m - 2 potions of degeneration {unknown}


   Skills:
 - Level 3.0 Fighting
 * Level 4.4 Maces & Flails
 - Level 3.0 Dodging
 - Level 2.6 Stealth
 + Level 1.6 Spellcasting


You had 6 spell levels left.
You didn't know any spells.
Your spell library was empty.

Dungeon Overview and Level Annotations

Branches:
Dungeon (2/15)

Altars:
Cheibriados
Hepliaklqana
Makhleb
Wu Jian


Innate Abilities, Weirdness & Mutations

You cannot wear most types of armour.
You are very stealthy in the water. (Stealth+)
You are amphibious.
You can wear up to eight rings at the same time.
You can use your tentacles to constrict eight enemies at once.
Your skin changes colour to match your surroundings (Stealth+).
Your rubbery body absorbs attacks. (AC +1, EV +1)


Message History

The iguana completely misses you.
You hit the iguana. You grab the iguana.
The iguana is moderately wounded.
You constrict the iguana, but do no damage.
The iguana bites you! The goblin hits you.
You hit the iguana.
The iguana is heavily wounded.
You constrict the iguana, but do no damage.
The iguana barely misses you. The goblin hits you.
You are too injured to fight recklessly!
You release your grip on the iguana.
You are too injured to fight recklessly!
You are too injured to fight recklessly!
You are too injured to fight recklessly!
You hit the iguana but do no damage. Your grab misses the iguana.
The iguana is heavily wounded.
The iguana bites you!
* * * LOW HITPOINT WARNING * * *
The iguana bites you!
You die...

#.##.≈≈≈≈≈..≈≈≈≈# ..
#.##.≈≈......≈≈P# ..
#.##............. . )##
#.##............. .. ..
#................ ...# #.
####............. #....#.##
#.....>.......
###....######.....[.......
#......gl@................
#......#.#................
#...............<.........
#......#.....####.#..)...#
####...#..............####
##............_..#..#
#.#........._8_..#.###
##.#.####....._........ ##
#######..#...†...........[...


You could see an iguana and a goblin.

Vanquished Creatures
  2 adders (D:2)
  An ooze (D:1)
  A dart slug (D:1)
  A leopard gecko (D:1)
  2 ball pythons
  8 goblins
  7 hobgoblins
  A kobold (D:1)
  A quokka (D:2)
  8 bats
  2 frilled lizards (D:1)
  7 rats
41 creatures vanquished.

Vanquished Creatures (others)
  19 plants (D:2)
19 creatures vanquished.

Grand Total: 60 creatures vanquished

Notes
Turn   | Place    | Note
-------+----------+-------------------------------------------
     0 | D:1      | Zeld the Octopode Monk began the quest for the Orb.
     0 | D:1      | Reached XP level 1. HP: 16/16 MP: 1/1
   314 | D:1      | Reached XP level 2. HP: 16/21 MP: 2/2
   638 | D:1      | Reached skill level 1 in Spellcasting
   674 | D:1      | Reached XP level 3. HP: 26/26 MP: 4/4
  1095 | D:2      | Found a snail-covered altar of Cheibriados.
  1095 | D:2      | Found an ornate altar of the Wu Jian Council.
  1096 | D:2      | Found a hazy altar of Hepliaklqana.
  1104 | D:2      | Found a burning altar of Makhleb.
  1113 | D:2      | Became a worshipper of Makhleb the Destroyer
  1113 | D:2      | Reached * piety under Makhleb
  1113 | D:2      | Reached ** piety under Makhleb
  1153 | D:2      | Reached skill level 4 in Maces & Flails
  1351 | D:2      | Reached XP level 4. HP: 22/31 MP: 6/6
  1737 | D:2      | Mangled by an iguana

Illustrated notes

Levels and vault maps discovered:
D:1:      giann_horns, layout_loops_ring
D:2:      layout_rooms, chequers_temple_overflow_statue_of_worship,
          serial_bayou, serial_bayou_shore_a, serial_bayou_lake_a,
          serial_bayou_shore_b, serial_bayou_pond_d

Skill      XL: |  1  2  3 |
---------------+----------+-----
Spellcasting   | 1 |  1.6
Maces & Flails | 4 |  4.4
Fighting       | |  3.0
Dodging        | |  3.0
Stealth        | |  2.6

Action                   |  1- 3 |  4- 6 || total
-------------------------+-------+-------++-------
Melee: Mace              |    57 |    19 ||    76
       Constrict         |    10 |     8 ||    18
       Tentacles         |     7 |     6 ||    13
 Stab: Sleeping          |    12 |     1 ||    13
Armor: Skin              |     3 |     4 ||     7
Dodge: Dodged            |    33 |    23 ||    56
